 Dungeon Sprint DCSS version 0.21-a0-338-g36cf2fc (webtiles) character file.

53 Kidiri the Magician (level 3, -6/19 HPs)
             Began as a Deep Elf Fire Elementalist on Oct 3, 2017.
             Was a Believer of Vehumet.
             Mangled by a flying skull (13 damage)
             ... in the Dungeon (Sprint VII: "The Pits").
             The game lasted 00:01:49 (415 turns).

Kidiri the Magician (Deep Elf Fire Elementalist)     Turns: 415, Time: 00:01:50

Health: -6/19      AC:  2    Str:  5    XL:     3   Next: 62%
Magic:  5/13       EV: 13    Int: 20    God:    Vehumet [**....]
Gold:   0          SH:  0    Dex: 15    Spells: 7/16 levels left

rFire    . . .     SeeInvis .   j - +2 dagger (protect)
rCold    . . .     Gourm    .   (no shield)
rNeg     . . .     Faith    .   a - +0 robe
rPois    .         Spirit   .   (no helmet)
rElec    .         Reflect  .   (no cloak)
rCorr    .         Harm     .   (no gloves)
MR       .....     NoTele   +   (no boots)
Stlth    ++........             (no amulet)
HPRegen  0.06/turn              (no ring)
MPRegen  0.13/turn              (no ring)

@: no status effects
A: no striking features
a: Renounce Religion


You were in the Dungeon.
You worshipped Vehumet.
Vehumet was pleased with you.
You were not hungry.

You visited 1 branch

Inventory:

Hand Weapons
 j - a +2 dagger of protection (weapon)
Armour
 a - a +0 robe (worn)
Scrolls
 i - a scroll of blinking
 l - 3 scrolls of remove curse
 m - 5 scrolls of amnesia
 n - a scroll of summoning
Potions
 e - 5 potions of heal wounds
 f - a potion of haste
 g - 4 potions of magic
 h - 3 potions of berserk rage
 k - 2 potions of invisibility
 q - 5 potions of curing
Books
 b - a book of Flames

   Spells                             Type                      Level
   a - Flame Tongue                   Conjuration/Fire             1
   b - Throw Flame                    Conjuration/Fire             2
   c - Conjure Flame                  Conjuration/Fire             3
   d - Inner Flame                    Hexes/Fire                   3
   e - Sticky Flame                   Conjuration/Fire             4
   f - Fireball                       Conjuration/Fire             5
Comestibles
 c - 8 bread rations
 d - 4 chunks of flesh
 o - 40 fruits
 p - 7 meat rations


   Skills:
 - Level 2.4 Dodging
 - Level 2.4 Stealth
 * Level 7.3 Spellcasting
 + Level 3.9 Conjurations
 + Level 5.1 Fire Magic


You had 7 spell levels left.
You knew the following spells:

 Your Spells              Type           Power        Failure   Level  Hunger
a - Flame Tongue          Conj/Fire      ####.        1%          1    None
b - Throw Flame           Conj/Fire      ####..       2%          2    None
c - Conjure Flame         Conj/Fire      ####....     4%          3    #......
d - Inner Flame           Hex/Fire       ###.....     10%         3    #......


Dungeon Overview and Level Annotations

Branches:
Dungeon (1/1)

Altars:
Ashenzari
Cheibriados
Dithmenos
Elyvilon
Fedhas
Gozag
Hepliaklqana
Kikubaaqudgha
Makhleb
Nemelex Xobeh
Okawaru
Qazlal
Ru
Sif Muna
Trog
Uskayaw
Vehumet
Wu Jian
Xom
Yredelemnul
Zin
The Shining One
Beogh
Jiyva
Lugonu

Annotations:
D Jessica, Sigmund


Message History

Casting: Inner Flame
Confirm with . or Enter, or press ? or * to list all spells.
Okay, then.
Casting: Inner Flame
Confirm with . or Enter, or press ? or * to list all spells.
Aiming: Flame Tongue
Press: ? - help, Shift-Dir - straight line, f/p - rat
Aim: a rat (inner flame)
The flame tongue hits Sigmund.
Sigmund is moderately wounded.
Casting: Flame Tongue
Confirm with . or Enter, or press ? or * to list all spells.
Aiming: Flame Tongue
Press: ? - help, Shift-Dir - straight line, f/p - rat
Aim: a rat (inner flame)
Okay, then.
The flying skull is engulfed in blazing flames.
The flying skull hits you!
Ouch! That really hurt!
You die...

#'#####+#####.....
#.#.....#[[##.....
#.#.....#))#####+#
#.###+###))##.....
#.#.....#))##.....
#.#.....#..##.....
#.####+##+###...<.
#.#..)÷....##.....
#@#........##.....
#z###########.....
#@....§.# ######
#r###@..# #.# .#
#.# #.. #.. #..


You could see Sigmund, a flying skull and a rat (inner flame).

Vanquished Creatures
  A worker ant (D)
  A gnoll (D)
  An ufetubus (D)
  2 oozes (D)
  A leopard gecko (D)
  A ball python (D)
  A frilled lizard (D)
  A rat (D)
9 creatures vanquished.

Notes
Turn   | Place    | Note
-------+----------+-------------------------------------------
     0 | D        | Kidiri the Deep Elf Fire Elementalist began the quest for the Orb.
     0 | D        | Reached XP level 1. HP: 10/10 MP: 6/6
    17 | D        | Reached skill level 4 in Spellcasting
    53 | D        | Found a bloodstained altar of Trog.
    53 | D        | Found a deep blue altar of Sif Muna.
    53 | D        | Found a viscous altar of Jiyva.
    53 | D        | Found a hazy altar of Hepliaklqana.
    53 | D        | Found an opulent altar of Gozag.
    54 | D        | Found a glowing golden altar of the Shining One.
    54 | D        | Found a glowing silver altar of Zin.
    54 | D        | Found a basalt altar of Yredelemnul.
    54 | D        | Found a shimmering altar of Xom.
    54 | D        | Found an ornate altar of the Wu Jian Council.
    54 | D        | Found a sacrificial altar of Ru.
    54 | D        | Found a stormy altar of Qazlal.
    54 | D        | Found an iron altar of Okawaru.
    54 | D        | Found a sparkling altar of Nemelex Xobeh.
    54 | D        | Found a burning altar of Makhleb.
    54 | D        | Found a blossoming altar of Fedhas.
    54 | D        | Found a white marble altar of Elyvilon.
    54 | D        | Found a shadowy altar of Dithmenos.
    54 | D        | Found a snail-covered altar of Cheibriados.
    56 | D        | Found a radiant altar of Vehumet.
    56 | D        | Found a corrupted altar of Lugonu.
    56 | D        | Found a roughly hewn altar of Beogh.
    57 | D        | Found a hide-covered altar of Uskayaw.
    57 | D        | Found an ancient bone altar of Kikubaaqudgha.
    57 | D        | Found a shattered altar of Ashenzari.
    64 | D        | Became a worshipper of Vehumet
   152 | D        | Noticed a worker ant
   162 | D        | Killed a worker ant
   162 | D        | Reached skill level 6 in Spellcasting
   162 | D        | Reached XP level 2. HP: 15/15 MP: 0/11
   163 | D        | Reached XP level 3. HP: 19/19 MP: 0/12
   167 | D        | Learned a level 2 spell: Throw Flame
   171 | D        | Learned a level 3 spell: Conjure Flame
   175 | D        | Learned a level 3 spell: Inner Flame
   258 | D        | Reached * piety under Vehumet
   258 | D        | Offered knowledge of Sandblast by Vehumet.
   333 | D        | Reached ** piety under Vehumet
   333 | D        | Reached skill level 7 in Spellcasting
   333 | D        | Reached skill level 5 in Fire Magic
   402 | D        | Noticed Sigmund
   409 | D        | Noticed a flying skull
   410 | D        | Noticed Jessica
   415 | D        | Mangled by a flying skull

Vault maps used:
D:        pitsprint

Skill      XL: |  1  2  3 |
---------------+----------+-----
Spellcasting   | 6 7 |  7.3
Conjurations   | 3 |  3.9
Fire Magic     | 4 5 |  5.1
Dodging        | |  2.4
Stealth        | |  2.4

Action                   || total
-------------------------++-------
 Cast: Flame Tongue      ||    24
       Conjure Flame     ||     1
       Throw Flame       ||     1
       Inner Flame       ||     1
  Use: Potion            ||     2
Dodge: Dodged            ||    10

Table legend:
 A = Spawn XP
 B = Non-spawn XP
 C = Spawn XP percentage of total XP
 D = Spawn monster count
 E = Non-spawn monster count
 F = Spawn count percentage of total count
 G = Total turns spent on level
                    A         B        C        D         E        F      G
               +---------+---------+-------+---------+---------+-------+---------
         Total |       0 |      76 |   0.0 |       0 |       9 |   0.0 |   415
               +---------+---------+-------+---------+---------+-------+---------
             D |       0 |      76 |   0.0 |       0 |       9 |   0.0 |   415
               +---------+---------+-------+---------+---------+-------+---------
